 Dungeon Crawl Stone Soup version 0.29.0-13-gc9e81de378 (webtiles) character file.

Game seed: 5081442506159353564

198 funkygono the Firebug (level 5, 0/28 HPs)
             Began as a Gargoyle Fire Elementalist on Sept 7, 2022.
             Slain by a yak (15 damage)
             ... on level 3 of the Dungeon.
             The game lasted 00:05:10 (3258 turns).

funkygono the Firebug (Gargoyle Fire Elementalist)  Turns: 3258, Time: 00:05:10

Health: 0/28       AC:  6    Str: 11    XL:     5   Next: 77%
Magic:  1/9        EV: 12    Int: 18    God:
Gold:   164        SH:  0    Dex: 10    Spells: 4/10 levels left

rFire   . . .      SeeInvis .   o - +0 whip (vamp)
rCold   . . .      Faith    .   (no shield)
rNeg    + . .      Spirit   .   a - +0 robe
rPois   ∞          Reflect  .   (no helmet)
rElec   +          Harm     .   (no cloak)
rCorr   .          Rampage  .   (no gloves)
Will    .....                   (no boots)
Stlth   ++........              (no amulet)
HPRegen 0.09/turn               (no ring)
MPRegen 0.11/turn               (no ring)

@: no status effects
A: sickness immunity, AC +4, negative energy resistance 1, electricity
resistance, torment resistance 1, petrification resistance
a: no special abilities


You were on level 3 of the Dungeon.
You visited 1 branch of the dungeon, and saw 4 of its levels.

You collected 164 gold pieces.

Inventory:

Hand Weapons
 k - a +0 mace
 o - a +0 vampiric whip (weapon)
Missiles
 m - a throwing net
Armour
 a - a +0 robe (worn)
 l - a +0 leather armour
 r - an orb of mayhem
Jewellery
 v - an amulet of regeneration
Scrolls
 c - a scroll of vulnerability {unknown}
 d - a scroll of enchant armour {unknown}
 e - a scroll of blinking {unknown}
 f - a scroll of acquirement {unknown}
 g - a scroll of poison {unknown}
 p - 2 scrolls of immolation {unknown}
 u - a scroll of identify {unknown}
Potions
 b - a potion of magic
 h - 2 potions of degeneration {unknown}
 i - a potion of flight {unknown}
 j - 2 potions of mutation {unknown}
 n - 2 potions of heal wounds {unknown}
 q - a potion of brilliance {unknown}
 s - a potion of cancellation {unknown}
 t - a potion of berserk rage {unknown}


   Skills:
 + Level 0.5 Fighting
 + Level 1.1 Maces & Flails
 + Level 2.1 Dodging
 - Level 2.4 Stealth
 + Level 3.1 Spellcasting
 + Level 2.1 Conjurations
 + Level 4.5 Fire Magic


You had 4 spell levels left.
You knew the following spells:

 Your Spells              Type           Power      Damage    Failure   Level
a - Foxfire               Conj/Fire      56%        2x1d6     4%          1
b - Scorch                Fire           38%        2d7       3%          2
c - Conjure Flame         Conj/Fire      14%        6-21      12%         3

Your spell library contained the following spells:

 Spells                   Type           Power      Damage    Failure   Level
 Inner Flame              Hex/Fire       10%        N/A       19%         3
 Flame Wave               Conj/Fire      14%        2d6       38%         4


Dungeon Overview and Level Annotations

Branches:
Dungeon (4/15)
 Temple: D:4-7

Altars:
Hepliaklqana
Trog
Xom

Shops:
D:2 [


Innate Abilities, Weirdness & Mutations

You are immune to sickness and miasma.
Your stone body is resilient. (AC +4)
You are immune to poison.
You resist negative energy. (rN+)
You are resistant to electric shocks. (rElec)
You are resistant to unholy torment.
You are immune to petrification.


Message History

Unknown command.
Casting: Foxfire (safe; 4% risk of failure)
Confirm with . or Enter, or press ? or * to list all spells.
You conjure some foxfire!
The foxfire hits the yak.
The yak is lightly wounded.
Unknown command.
Casting: Foxfire (safe; 4% risk of failure)
Confirm with . or Enter, or press ? or * to list all spells.
You conjure some foxfire!
The foxfire hits the yak.
The yak is lightly wounded.
The foxfire hits the yak.
The yak is lightly wounded.
The foxfire hits the yak.
The yak is lightly wounded.
The foxfire hits the yak but does no damage.
The yak is lightly wounded.
Casting: Foxfire (safe; 4% risk of failure)
Confirm with . or Enter, or press ? or * to list all spells.
You don't have enough magic to cast this spell.
Unknown command.
You hit the yak.
You feel better.
The yak is moderately wounded.
The foxfire hits the yak.
The yak is moderately wounded.
The foxfire hits the yak but does no damage.
The yak is moderately wounded.
The yak gores you! The yak closely misses you.
You climb upwards.
There is a stone staircase leading down here.
Unknown command.
The yak closely misses you. The yak attacks as you move away!
The yak closely misses you. The yak attacks as you move away!
The yak closely misses you.
Casting: Foxfire (safe; 4% risk of failure)
Confirm with . or Enter, or press ? or * to list all spells.
Okay, then.
The yak attacks as you move away! The yak gores you!
Ouch! That really hurt!
You die...

######### #>....# #.# ≈≈≈♣.♣#
##.....# #.#
≈≈♣...♣####......# #.#
≈≈8._..'.##......######.#
≈≈♣...♣#....##.#.##.....#
≈≈≈♣.♣#####.#..#.##.#####
#######.###.#.##.##.#
#..#.....##.#.##Y##.#
#........##.....@##.# #####
#.##.....###......#.# ##...##
#.##.#...##.......#.###.###.##
#.....#..##..#......##.##
##.####
####.###..<....#..####.#
#..... ......#.###..#.#..#
#.## ##.#### ####.#.##
#.......# ##.###.## # ##.###
#.[....## ##...## # #..#
###...## ##.##


You could see a yak.

Vanquished Creatures
  A howler monkey (D:4)
  8 adders
  5 dart slugs
  5 orcs
  2 ball pythons (D:3)
  5 bats
  9 endoplasms
  2 giant cockroaches
  9 goblins
  10 hobgoblins
  5 kobolds
  A quokka (D:2)
  5 frilled lizards
  3 rats (D:1)
70 creatures vanquished.

Vanquished Creatures (others)
  180 foxfires
  3 fungi (D:1)
  4 plants (D:1)
187 creatures vanquished.

Grand Total: 257 creatures vanquished

Notes
Turn   | Place    | Note
-------+----------+-------------------------------------------
     0 | D:1      | funkygono the Gargoyle Fire Elementalist began the quest
                  | for the Orb.
     0 | D:1      | Reached XP level 1. HP: 10/10 MP: 3/3
   376 | D:1      | Reached XP level 2. HP: 15/15 MP: 0/5
   379 | D:1      | Learned a level 2 spell: Scorch
   933 | D:1      | Found a faded altar of an unknown god.
  1010 | D:1      | Reached XP level 3. HP: 19/19 MP: 3/6
  1014 | D:1      | Learned a level 3 spell: Conjure Flame
  1530 | D:2      | Found a shimmering altar of Xom.
  1540 | D:2      | Reached XP level 4. HP: 21/24 MP: 1/7
  1614 | D:2      | Reached skill level 4 in Fire Magic
  1993 | D:2      | Found Gebedic's Antique Armour Boutique.
  2337 | D:3      | Reached XP level 5. HP: 28/28 MP: 1/9
  2663 | D:3      | Found a bloodstained altar of Trog.
  2806 | D:3      | Reached skill level 1 in Maces & Flails
  3006 | D:3      | Found a hazy altar of Hepliaklqana.
  3239 | D:4      | Noticed a yak
  3258 | D:3      | Slain by a yak

Illustrated notes

Levels and vault maps discovered:
D:1:      roderic_chinese_lattice_arrival, layout_loops_ring,
          dreamdust_ecumenical_altar_grove
D:2:      layout_loops_ring, basic_altar, serial_shops, nicolae_lakefront_shop
D:3:      layout_loops_cross, trog_three_pillars_becter,
          worldfamousw_hep_ancestral_shrine
D:4:      layout_cave_pools, mainiacjoe_overflow_catwalk, amcnicky_altar_gilded,
          minmay_manual_mess

Skill      XL: |  1  2  3  4  5 |
---------------+----------------+-----
Dodging        | 2 |  2.1
Fire Magic     | 4 |  4.5
Maces & Flails | 1 |  1.1
Spellcasting   | 3 |  3.1
Conjurations   | 2 |  2.1
Fighting       | |  0.5
Stealth        | |  2.4

Action                   |  1- 3 |  4- 6 || total
-------------------------+-------+-------++-------
Melee: Unarmed           |     2 |       ||     2
       Whip              |    11 |    50 ||    61
 Cast: Foxfire           |    49 |    63 ||   112
       Scorch            |     5 |     1 ||     6
Armor: Robe              |     7 |    22 ||    29
Dodge: Dodged            |    16 |    35 ||    51
